 Dungeon Crawl Stone Soup version 0.29.1-15-g9cfb28693d (webtiles) character file.

Game seed: 6961652541786075961

1353 ThatPearl the Trooper (level 8, -2/54 HPs)
             Began as a Gargoyle Fighter on Mar 9, 2023.
             Slain by a steam dragon (6 damage)
             ... on level 6 of the Dungeon.
             The game lasted 00:10:28 (4764 turns).

ThatPearl the Trooper (Gargoyle Fighter)            Turns: 4764, Time: 00:10:29

Health: -2/54      AC: 14    Str: 15    XL:     8   Next: 63%
Magic:  8/8        EV:  8    Int: 12    God:
Gold:   435        SH:  6    Dex: 15    Spells: 6/7 levels left

rFire   . . .      SeeInvis .   a - +0 war axe
rCold   . . .      Faith    .   c - +0 buckler
rNeg    + . .      Spirit   .   b - +0 scale mail
rPois   ∞          Reflect  .   (no helmet)
rElec   +          Harm     .   D - +1 cloak
rCorr   .          Rampage  .   (no gloves)
Will    .....                   (no boots)
Stlth   +.........              (no amulet)
HPRegen 0.18/turn               y - ring of Kuvvo {rElec Str-4 Dex+6 Slay+5 Stlth+}
MPRegen 0.11/turn               (no ring)

@: no status effects
A: sickness immunity, AC +5, negative energy resistance 1, electricity
resistance, torment resistance 1, petrification resistance
a: no special abilities


You were on level 6 of the Dungeon.
You visited 1 branch of the dungeon, and saw 6 of its levels.
You also visited: Ossuary.

You collected 435 gold pieces.

Inventory:

Hand Weapons
 a - a +0 war axe (weapon)
Missiles
 f - 4 poisoned darts (quivered)
 j - 48 stones
 w - a curare-tipped dart
Armour
 b - a +0 scale mail (worn)
 c - a +0 buckler (worn)
 n - the +1 leather armour of Birizxe {rPois rN++ Int+4}
   (You found it on level 2 of the Dungeon)

   Int:       It affects your intelligence (+4).
   rPois:     It protects you from poison.
   rN:        It greatly protects you from negative energy.
 D - a +1 cloak (worn)
Jewellery
 q - a ring of fire
 u - a ring of resist corrosion
 y - the ring of Kuvvo (left hand) {rElec Str-4 Dex+6 Slay+5 Stlth+}
   (You found it on level 5 of the Dungeon)

   [ring of dexterity]

   Str:       It affects your strength (-4).
   Dex:       It affects your dexterity (+6).
   Slay:      It affects your accuracy & damage with ranged weapons and melee
   (+5).
   rElec:     It insulates you from electricity.
   Stlth:     It makes you more stealthy.
Wands
 t - a wand of charming (3)
 C - a wand of acid (1)
 E - a wand of flame (9)
Scrolls
 g - 7 scrolls of identify {unknown}
 i - a scroll of poison {unknown}
 k - a scroll of immolation {unknown}
 l - 2 scrolls of blinking {unknown}
 m - 2 scrolls of amnesia {unknown}
 p - 2 scrolls of teleportation {unknown}
 x - a scroll of vulnerability {unknown}
 z - a scroll of magic mapping {unknown}
 B - a scroll of butterflies {unknown}
Potions
 d - 2 potions of might
 e - 3 potions of curing {unknown}
 h - a potion of berserk rage {unknown}
 o - 2 potions of heal wounds {unknown}
 r - 2 potions of mutation {unknown}
 s - a potion of flight {unknown}
 v - a potion of cancellation {unknown}
 A - 2 potions of brilliance {unknown}


   Skills:
 + Level 7.8 Fighting
 + Level 6.1 Axes
 - Level 3.2 Armour
 + Level 6.1 Shields


You had 6 spell levels left.
You knew the following spells:

 Your Spells              Type           Power      Damage    Failure   Level
m - Summon Small Mammal   Summ           0%         N/A       85%         1

Your spell library contained the following spells:

 Spells                   Type           Power      Damage    Failure   Level
 Static Discharge         Conj/Air       0%         3-3/arc   94%         2
 Dispel Undead            Necr           0%         3d6       100%        4
 Sticky Flame             Conj/Fire      0%         2d3       100%        4


Dungeon Overview and Level Annotations

Branches:
Dungeon (6/15)            Ossuary (visited)
 Temple: D:4-7

Altars:
Kikubaaqudgha
Sif Muna
Trog
Vehumet


Innate Abilities, Weirdness & Mutations

You are immune to sickness and miasma.
Your stone body is resilient. (AC +5)
You are immune to poison.
You resist negative energy. (rN+)
You are resistant to electric shocks. (rElec)
You are resistant to unholy torment.
You are immune to petrification.


Message History

The orc warrior is almost dead.
You hit the orc. You block the orc's attack.
The orc warrior hits you with a +0 trident.
You slash the orc warrior!
You kill the orc warrior!
You slash the orc!
You kill the orc!
Your Axes skill increases to level 6!
Things that are here:
a +0 trident; a +0 chain mail
g - 7 scrolls labelled YBOGGE WOCVOLLOSTE (gained 1)
Found an escape hatch in the ceiling.
Found a plate armour.
Found a stone staircase leading down.
You now have 435 gold pieces (gained 10).
j - 48 stones (gained 4)
E - a wand of flame (9)
Found a stone staircase leading down.
e - 3 murky grey potions (gained 1)
A steam dragon comes into view.
A white imp comes into view.
The white imp shouts, "Slither hence, thou mangled idle-headed guttersnipe!"
The steam dragon breathes steam at you. The ball of steam hits you!
The white imp gestures at you. The puff of frost hits you.
You are engulfed in a cloud of scalding steam.
You are engulfed in a cloud of scalding steam.
The steam dragon breathes steam at you. The ball of steam hits you!!
You are engulfed in a cloud of scalding steam.
* * * LOW HITPOINT WARNING * * *
You block the steam dragon's attack.
The steam dragon claws you but does no damage.
You hit the steam dragon.
The steam dragon is lightly wounded.
You are engulfed in a cloud of scalding steam.
* * * LOW HITPOINT WARNING * * *
The steam dragon bites you.
You die...

..
.................
[
###...............
#...............
##....§.........
#.>#...§........
....####§.##.....
### #...§.......
......#.##.....
#.###.#@§# #### #
..##D# .## .# 5.
.# .. .# ##


You could see a steam dragon.

Vanquished Creatures
  An orc warrior (D:6)
  An ogre (D:5)
  2 black bears (D:6)
  A phantom (D:4)
  A kobold brigand (D:4)
  2 bullfrogs (D:5)
  A necrophage (D:5)
  A scorpion (D:4)
  2 hounds (D:4)
  A centaur zombie (Ossuary)
  3 orc priests
  2 jellies
  2 iguanas
  3 orc wizards (D:5)
  3 mummies
  10 adders
  A shadow imp (D:4)
  2 worms
  2 dart slugs
  13 orcs
  9 endoplasms
  6 giant cockroaches
  3 gnoll zombies (Ossuary)
  5 goblins
  3 hobgoblins
  4 jackals
  3 kobolds
  2 quokkas
  6 ball pythons
  3 bats
  6 frilled lizards
  2 goblin zombies (Ossuary)
  4 hobgoblin zombies
  A kobold zombie (D:4)
  5 orc zombies (Ossuary)
  5 rats
121 creatures vanquished.

Notes
Turn   | Place    | Note
-------+----------+-------------------------------------------
     0 | D:1      | ThatPearl the Gargoyle Fighter began the quest for the Orb.
     0 | D:1      | Reached XP level 1. HP: 14/14 MP: 1/1
   109 | D:1      | Reached XP level 2. HP: 12/19 MP: 2/2
   376 | D:1      | You fall into a shaft and drop 1 floor!
   452 | D:2      | Reached skill level 4 in Fighting
   452 | D:2      | Reached XP level 3. HP: 24/24 MP: 3/3
   722 | D:2      | Found a faded altar of an unknown god.
   827 | D:2      | Identified the +1 leather armour of Birizxe {rPois rN++
                  | Int+4}
  1018 | D:1      | Reached XP level 4. HP: 24/30 MP: 4/4
  1776 | D:3      | Reached XP level 5. HP: 31/34 MP: 5/5
  2006 | D:3      | Reached skill level 5 in Fighting
  2151 | D:3      | Found an ancient bone altar of Kikubaaqudgha.
  2358 | D:3      | Found a shimmering blue altar of Sif Muna.
  2360 | D:3      | Found a radiant altar of Vehumet.
  2365 | D:3      | Got Sif Muna's Commentary on the Congregation
  2368 | D:3      | Learned a level 1 spell: Summon Small Mammal
  2442 | D:4      | Noticed a phantom
  2460 | D:4      | Killed a phantom
  2461 | D:4      | Reached XP level 6. HP: 26/41 MP: 6/6
  2587 | D:4      | Reached skill level 6 in Fighting
  2759 | D:4      | Found a sand-covered staircase.
  2764 | D:4      | Reached XP level 7. HP: 44/46 MP: 7/7
  2766 | Ossuary  | Entered an ossuary
  3375 | D:5      | Entered Level 5 of the Dungeon
  3382 | D:5      | Identified the ring of Kuvvo {rElec Str-4 Dex+6 Slay+5
                  | Stlth+}
  3392 | D:5      | Reached skill level 5 in Axes
  3591 | D:5      | Reached skill level 5 in Shields
  3968 | D:5      | Reached skill level 7 in Fighting
  3968 | D:5      | Reached XP level 8. HP: 45/53 MP: 8/8
  4120 | D:5      | Identified the +0 cloak "Onodd" {Rampage rC+++ Will- Str-3}
  4528 | D:6      | Found a bloodstained altar of Trog.
  4764 | D:6      | Slain by a steam dragon

Illustrated notes

Levels and vault maps discovered:
D:1:      psy_arrival_basics, layout_basic
D:2:      layout_loops_ring, hellmonk_ecumenical_altar_inner_sanctum
D:3:      layout_basic, grunt_temple_overflow_magic_moments
D:4:      layout_gridville, nicolae_ossuary_entry_giza,
          eino_small_chamber_without_monster
D:5:      layout_basic
D:6:      layout_rooms, trog_ov_bears_minmay, kennysheep_generic_room_2

Skill      XL: |  1  2  3  4  5  6  7  8 |
---------------+-------------------------+-----
Axes           | 2 3 4 5 6 |  6.1
Fighting       | 4 5 6 7 |  7.8
Shields        | 4 5 6 |  6.1
Armour         | |  3.2

Action                   |  1- 3 |  4- 6 |  7- 9 || total
-------------------------+-------+-------+-------++-------
Melee: War axe           |   108 |   152 |   131 ||   391
Throw: Dart              |       |     1 |       ||     1
Armor: Scale mail        |    69 |   109 |    84 ||   262
Dodge: Dodged            |    61 |    89 |    53 ||   203
Block: Buckler           |    24 |    31 |    30 ||    85
